 Dungeon Crawl Stone Soup version 0.17-a0-530-gbe3d13a (webtiles) character file.

263116 Raurakos the Unseen (level 20, -9/113 HPs)
             Began as a Vine Stalker Assassin on Apr 11, 2015.
             Was a High Priest of Dithmenos.
             Hit by a javelin thrown by a merfolk javelineer (15 damage)
             ... on level 5 of the Shoals on Apr 12, 2015.
             The game lasted 05:32:41 (45152 turns).

Raurakos the Unseen (Vine Stalker Assassin)        Turns: 45152, Time: 05:32:42

Health: -9/113     AC: 24    Str: 20    XL:     20   Next: 41%
Magic:  0/27       EV: 24    Int: 11    God:    Dithmenos [*****.]
Gold:   4573       SH:  7    Dex: 21    Spells: 4 memorised, 18 levels left

rFire  + + .     SeeInvis +     a - +6 rapier "Dutox" {pierce, rPois}
rCold  + + .     Clarity  .     Q - +0 ring mail of Lausupau {+Fly rF++ Int-2}
rNeg   + + .     SustAb   .     c - +1 buckler {rPois}
rPois  +         Gourm    .     S - +2 helmet {SInv}
rElec  .         Spirit   +     R - +1 cloak of the Shore {rPois rN+}
rCorr  .         Warding  +     s - +0 pair of gloves
rMut   .         Stasis   .     K - +1 pair of boots
MR     ++...                    W - amulet "Ygymn" {Ward rC+ rN+ Str+4 Slay+5}
Stlth  ++++++....               J - ring of protection from cold
                                k - +6 ring of protection

@: about to teleport, afraid, mesmerised, very slightly contaminated, wreathed
by umbra, very resistant to hostile enchantments, very stealthy
A: fangs 3, regeneration 3, shaggy fur 1, magic shield, antimagic bite, no
device heal 3, rot immunity
a: Shadow Step, Shadow Form, Renounce Religion, Evoke Flight
}: 1/15 runes: serpentine


You were on level 5 of the Shoals.
You worshipped Dithmenos.
Dithmenos was extremely pleased with you.
You were not hungry.

You visited 6 branches of the dungeon, and saw 38 of its levels.
You also visited: Labyrinth, Bailey, Ice Cave and Volcano.

You collected 4915 gold pieces.
You spent 342 gold pieces at shops.

Inventory:

Hand weapons
 a - the +6 rapier "Dutox" (weapon) {pierce, rPois}
   (You bought it in a shop on level 4 of the Orcish Mines)

   It inflicts extra damage upon your enemies.
   It protects you from poison.
 b - a +3 dagger of draining
Missiles
 i - 11 throwing nets
 X - 15 javelins of returning (quivered)
Armour
 c - a +1 buckler of poison resistance (worn)
 s - a +0 pair of gloves (worn)
 K - a +1 pair of boots (worn)
 Q - the +0 ring mail of Lausupau (worn) {+Fly rF++ Int-2}
   (You found it on level 6 of the Lair of Beasts)

   It affects your intelligence (-2).
   It greatly protects you from fire.
   It lets you fly.
 R - the +1 cloak of the Shore (worn) {rPois rN+}
   (You found it in a bailey)

   It protects you from poison.
   It protects you from negative energy.
 S - a +2 helmet of see invisible (worn)
Jewellery
 k - a +6 ring of protection (left hand)
 v - an uncursed ring of teleport control
 y - an uncursed ring of protection from fire
 F - an uncursed ring of sustain abilities
 J - a ring of protection from cold (right hand)
 T - an uncursed amulet of resist mutation
 V - an uncursed ring of teleportation
 W - the amulet "Ygymn" (around neck) {Ward rC+ rN+ Str+4 Slay+5}
   (You found it on level 5 of the Shoals)

   [amulet of warding]

   It may prevent the melee attacks of summoned creatures.
   It affects your strength (+4).
   It affects your accuracy and damage with ranged weapons and melee attacks
   (+5).
   It protects you from cold.
   It protects you from negative energy.
Magical devices
 l - a wand of paralysis (8)
 n - a wand of invisibility (8)
 o - a wand of hasting (8)
 t - a wand of teleportation (4)
 A - a wand of draining (14)
 E - a wand of digging (17)
 N - a wand of confusion (22)
Scrolls
 h - 5 scrolls of magic mapping
 m - 14 scrolls of remove curse
 p - a scroll of summoning
 q - 4 scrolls of fog
 u - 7 scrolls of teleportation
 D - 5 scrolls of recharging
 I - a scroll of brand weapon
 L - 5 scrolls of identify
 M - 3 scrolls of blinking
 P - a scroll of enchant weapon
 Y - 3 scrolls of silence
Potions
 d - 3 potions of haste
 j - 2 potions of resistance
 r - 3 potions of agility
 w - 4 potions of cancellation
 z - 2 potions of might
 B - 5 potions of berserk rage
 H - 6 potions of restore abilities
 O - 12 potions of curing
Books
 U - a book of the Sky

   Spells                             Type                      Level
   a - Flight                         Charms/Air                   3
   b - Airstrike                      Air                          4
   c - Silence                        Hexes/Air                    5
   d - Deflect Missiles               Charms/Air                   6
   e - Conjure Ball Lightning         Conjuration/Air              6
   f - Tornado                        Air                          9
Miscellaneous
 e - 2 phantom mirrors
 C - a lantern of shadows
 G - a fan of gales
Comestibles
 g - 20 bread rations
 x - 2 meat rations


   Skills:
 - Level 15.0 Fighting
 - Level 10.0 Short Blades
 - Level 5.0 Throwing
 - Level 10.5 Armour
 - Level 15.1 Dodging
 - Level 20.0 Stealth
 - Level 5.0 Shields
 + Level 4.6 Spellcasting
 - Level 9.0 Hexes
 - Level 5.1 Translocations
 - Level 6.0 Invocations
 - Level 8.0 Evocations


You had 18 spell levels left.
You knew the following spells:

 Your Spells              Type           Power        Failure   Level  Hunger
a - Apportation           Tloc           ##........   4%          1    None
b - Blink                 Tloc           N/A          10%         2    ##.....
c - Summon Butterflies    Summ           #.......     34%         1    None
d - Invisibility          Hex            ###.....     96%         6    #######


Dungeon Overview and Level Annotations

Branches:
Dungeon (15/15)            Temple (1/1) D:6            Lair (8/8) D:8
 Shoals (5/5) Lair:5        Snake (5/5) Lair:4        Slime (0/6) Lair:6
    Orc (4/4) D:9             Elf (0/3) Orc:3        Vaults (0/5) D:14
 Depths (0/5) D:15

Altars:
Ashenzari
Cheibriados
Dithmenos
Elyvilon
Fedhas
Gozag
Kikubaaqudgha
Makhleb
Nemelex Xobeh
Okawaru
Qazlal
Ru
Sif Muna
Trog
Xom
Yredelemnul
Zin
The Shining One
Beogh

Shops:
D:13 *   Orc:3 *   Orc:4 (=(   Shoals:2 =   Shoals:4 !   Snake:2 %   Snake:5 [

Annotations:
D:6 exclusions: door and oklob plant
Lair:3 Snorg
Lair:4 Sonja
Lair:5 exclusion: oklob plant
Lair:8 1 runed door
Orc:4 Saint Roka


Innate Abilities, Weirdness & Mutations

You have razor-sharp teeth.
You regenerate.
You are covered in fur (AC +1).
When hurt, damage is shared between your health and your magic reserves.
Your bite disrupts and absorbs the magic of your enemies.
Potions and wands cannot restore your health.
You are immune to rotting.


Message History

Read which item? (? for menu, Esc to quit)
It is impossible to concentrate on your destination while mesmerised.
Your blink will be uncontrolled - continue anyway?
You blink.
Splash!
You fall into the shallow water.
Moving in this stuff is going to be slow.
As you read the scroll of blinking, it crumbles to dust.
The merfolk avatar chants its luring song.
The merfolk javelineer throws a javelin.
The javelin hits you!
* * * LOW HITPOINT WARNING * * *
You hear a splash.
Read which item? (? for menu, Esc to quit)
As you read the scroll of fog, it crumbles to dust.
The scroll dissolves into smoke.
The pull of its song draws you forwards.
The merfolk javelineer throws a javelin.
The javelin hits you!
You die...

≈≈≈≈≈PP≈##≈....#≈##≈≈≈≈≈≈
≈≈≈≈≈PPP≈##≈≈≈≈≈##≈≈≈≈≈≈
≈≈≈≈≈≈≈PP≈#######≈≈≈≈≈≈
≈≈≈≈≈≈≈≈≈≈≈≈...≈≈≈≈≈≈≈≈≈
≈≈≈≈≈≈≈≈≈≈≈.....≈≈≈≈≈≈≈≈
≈≈≈≈≈≈≈≈≈≈≈)....≈≈≈≈≈≈≈≈ ≈
≈≈≈######(.m.§§§≈≈≈≈≈≈≈
≈≈≈≈##≈≈≈m.#)c≈§§§≈≈≈≈≈≈≈
≈≈≈##≈≈...#≈#m≈§@≈≈≈≈≈≈≈≈
≈≈≈#≈≈.#≈..#≈#≈≈≈≈≈≈≈≈≈≈≈
≈≈≈#≈≈≈≈≈≈.m.#≈m≈≈≈≈≈≈≈≈
≈≈≈#m≈≈##≈≈.≈#≈≈≈≈≈≈≈≈≈≈
≈≈≈#≈c≈ #≈#.≈#≈≈≈≈≈≈≈≈≈≈≈
≈≈≈#≈#φ.m≈.≈≈#≈≈≈≈≈≈≈≈≈≈≈
≈≈≈##m#m...≈##≈≈≈≈≈≈≈≈≈≈≈
≈≈≈≈## ≈≈≈##≈...≈≈≈≈≈≈≈≈≈
≈≈≈≈≈#######≈.###..≈≈≈≈≈≈≈


You could see a merfolk avatar, a merfolk impaler, a merfolk javelineer and a
satyr.

Vanquished Creatures
  Mara (Shoals:4)
  Norris (Snake:3)
  Polyphemus (Shoals:4)
  A kraken (Shoals:2)
  Kirke (Lair:6)
  15 greater nagas
  Ilsuiw (Shoals:5)
  Maud (Orc:2)
  A frost giant (IceCv)
  4 merfolk javelineers
  A fire dragon (Lair:8)
  A minotaur (Lab)
  Josephine (D:15)
  11 merfolk impalers
  8 hydras
  Harold (Lair:2)
  The ghost of Raurakos the Fighter, a powerful VSAs of Dithmenos (Lair:4)
  30 naga warriors
  2 ice dragons (D:15)
  A salamander stormcaller (D:14)
  5 merfolk avatars
  A catoblepas (Shoals:4)
  5 merfolk aquamancers
  9 anacondas
  Erica (Lair:2)
  7 centaur warriors
  2 alligator snapping turtles
  An ogre mage (D:15)
  4 satyrs
  2 tengu warriors
  7 shock serpents
  4 death yaks
  23 naga sharpshooters
  2 orc high priests (Orc:4)
  3 skeletal warriors (D:11)
  4 unseen horrors
  10 sea snakes
  3 salamander mystics
  7 naga ritualists
  An ice statue (IceCv)
  6 hill giants
  Pikel (D:4)
  15 harpies
  A harpy (shapeshifter) (D:14)
  An ugly thing zombie (D:14)
  2 lindwurms (Lair:8)
  2 wizards
  A necromancer (D:14)
  4 orc knights
  3 orc sorcerers (Orc:4)
  5 mana vipers
  10 fauns
  13 griffons
  13 salamanders
  7 water nymphs
  10 manticores
  40 black mambas
  4 ugly things
  2 cyclopes
  4 sirens
  10 guardian serpents
  Maurice (Orc:1)
  8 elephants (Lair:7)
  A queen ant (Lair:1)
  25 naga magi
  8 spiny frogs
  A gargoyle (D:12)
  6 torpor snails
  8 komodo dragons
  4 centaur skeletons
  3 kobold demonologists (D:14)
  6 fire drakes
  34 merfolk
  6 trolls
  4 two-headed ogres
  4 wind drakes
  18 blink frogs
  2 giant leeches (Lair:8)
  A harpy skeleton (D:15)
  Prince Ribbit (Lair:2)
  17 polar bears
  2 boulder beetles (Lair:8)
  A hornet zombie (D:15)
  18 slime creatures
  5 ravens
  12 snapping turtles
  12 water elementals
  A trapdoor spider (shapeshifter) (D:13)
  54 yaks
  Sigmund (D:2)
  3 hogs
  A deep elf mage (D:12)
  4 wraiths
  3 spriggans
  18 hippogriffs
  A deep elf fighter (Volcano)
  9 humans (Lair:3)
  3 wyverns (D:15)
  A fire bat (Volcano)
  3 shadows
  4 basilisks
  47 wolves
  2 steam dragons
  115 nagas
  2 insubstantial wisps (D:11)
  12 swamp worms (Lair:5)
  Edmund (Lair:3)
  22 soldier ants
  A warg (Orc:4)
  13 porcupines
  8 vampire mosquitoes
  2 hungry ghosts (D:12)
  3 mottled dragons
  21 water moccasins
  9 sky beasts
  Duvessa (D:4)
  5 phantoms
  7 ice beasts
  4 wasps (Lair:8)
  A black bear (Lair:4)
  20 ogres
  An ogre (shapeshifter) (D:14)
  41 orc warriors
  4 boring beetles
  26 centaurs
  A slave (D:4)
  16 crocodiles
  5 big kobolds
  5 brain worms
  13 giant frogs
  A scorpion (D:5)
  Dowan (D:4)
  A water moccasin skeleton (D:10)
  5 killer bees (D:9)
  An electric eel (Lair:8)
  11 wights
  16 hounds
  16 orc priests
  7 crimson imps
  3 giant frog zombies
  5 jellies
  A quasit (D:11)
  8 centaur zombies
  Ijyb (Lair:3)
  A gnoll shaman (Orc:4)
  34 orc wizards
  Terence (D:2)
  3 giant frog skeletons
  23 worker ants
  6 iguanas
  4 sheep
  2 hound zombies
  2 mummies
  6 gnolls (Orc:4)
  A worker ant zombie (D:6)
  25 adders
  19 river rats
  3 shadow imps
  24 worms
  An orc zombie (Orc:4)
  An adder skeleton (D:9)
  2 adder zombies
  A giant gecko (D:2)
  203 orcs
  13 bats
  17 goblins
  29 hobgoblins
  A ball python (D:5)
  2 giant cockroaches
  3 giant newts
  2 giant spores (D:11)
  13 jackals
  19 kobolds
  A kobold zombie (D:8)
  18 quokkas
  16 rats
  A fungus (Lair:2)
  5 plants
1640 creatures vanquished.

Vanquished Creatures (others)
  3 drowned souls
  A black mamba (Snake:5)
  An orc (Orc:4)
  A rat (D:4)
  2 fungi
  9 plants
17 creatures vanquished.

Grand Total: 1657 creatures vanquished

Notes
Turn   | Place    | Note
--------------------------------------------------------------
     0 | D:1      | Raurakos, the Vine Stalker Assassin, began the quest for the Orb.
     0 | D:1      | Reached XP level 1. HP: 11/11 MP: 2/2
   158 | D:1      | Reached skill level 1 in Dodging
   356 | D:1      | Reached skill level 5 in Stealth
   676 | D:2      | Reached XP level 2. HP: 13/15 MP: 3/3
   730 | D:2      | Noticed Sigmund
   846 | D:2      | Found a shattered altar of Ashenzari.
   879 | D:2      | Noticed Terence
   891 | D:2      | Killed Terence
   891 | D:2      | Reached skill level 6 in Stealth
   891 | D:2      | Reached XP level 3. HP: 18/18 MP: 4/4
   920 | D:2      | Reached XP level 4. HP: 14/23 MP: 3/5
  1028 | D:2      | Reached skill level 7 in Stealth
  1383 | D:3      | Found a stormy altar of Qazlal.
  1390 | D:3      | Noticed an earth elemental
  1391 | D:3      | Noticed a fire elemental
  1391 | D:3      | Noticed an air elemental
  1391 | D:3      | Noticed a water elemental
  1612 | D:3      | Found a bloodstained altar of Trog.
  1635 | D:3      | Reached XP level 5. HP: 26/26 MP: 6/6
  1657 | D:3      | Found a sacrificial altar of Ru.
  1691 | D:3      | Found a shimmering altar of Xom.
  1920 | D:2      | Killed Sigmund
  1920 | D:2      | Reached skill level 9 in Stealth
  1920 | D:2      | Gained mutation: You heal very quickly. [Vine Stalker growth]
  1920 | D:2      | Reached XP level 6. HP: 25/30 MP: 7/7
  2321 | D:4      | Reached XP level 7. HP: 34/34 MP: 8/8
  2621 | D:4      | Noticed Duvessa
  2748 | D:5      | Entered Level 5 of the Dungeon
  2783 | D:5      | Got a dazzling ring mail
  2794 | D:5      | Identified the +0 ring mail "Kibla" {Int+3} (You found it on level 5 of the Dungeon)
  3158 | D:5      | Got a slimy chain mail
  3169 | D:5      | Identified the cursed +1 chain mail of Decompression {rC+ Int+4 Dex+4} (You found it on level 5 of the Dungeon)
  3175 | D:5      | Found a snail-covered altar of Cheibriados.
  3182 | D:5      | Identified the Tome of Harmful Bewitchment
  3273 | D:5      | Learned a level 1 spell: Apportation
  3569 | D:6      | Found a deep blue altar of Sif Muna.
  3653 | D:6      | Gained mutation: You have razor-sharp teeth. [Vine Stalker growth]
  3653 | D:6      | Reached XP level 8. HP: 40/42 MP: 9/9
  3810 | D:6      | Found a staircase to the Ecumenical Temple.
  3819 | Temple   | Entered the Ecumenical Temple
  3931 | Temple   | Became a worshipper of Dithmenos the Shadowed
  3968 | D:6      | Found a glowing golden altar of the Shining One.
  3968 | D:6      | Noticed an oklob plant
  4374 | D:4      | Noticed Pikel
  4398 | D:4      | Killed Pikel
  4533 | D:4      | Noticed Dowan
  4548 | D:4      | Killed Dowan
  4553 | D:4      | Killed Duvessa
  4661 | D:7      | Reached XP level 9. HP: 50/50 MP: 10/10
  4828 | D:7      | Found a glowing golden altar of the Shining One.
  4874 | D:7      | Reached skill level 5 in Dodging
  4890 | D:7      | Noticed a komodo dragon
  4914 | D:7      | Killed a komodo dragon
  5374 | D:8      | Reached skill level 10 in Stealth
  5404 | D:8      | Reached skill level 1 in Armour
  5455 | D:8      | Found a staircase to the Lair.
  5710 | D:8      | Reached XP level 10. HP: 56/56 MP: 13/13
  5775 | D:8      | Acquired Dithmenos's first power
  5781 | D:8      | Found an iron altar of Okawaru.
  5942 | D:8      | Reached skill level 5 in Armour
  5989 | D:8      | Noticed a centaur zombie
  6007 | D:8      | Killed a centaur zombie
  6222 | Lair:1   | Entered Level 1 of the Lair of Beasts
  6324 | Lair:1   | Got a crude whip
  6358 | Lair:1   | Reached skill level 5 in Short Blades
  6663 | Lair:1   | Acquired Dithmenos's second power
  6779 | Lair:1   | Reached XP level 11. HP: 60/60 MP: 14/14
  7317 | Lair:1   | Noticed a seven-headed hydra
  7325 | Lair:1   | Killed a seven-headed hydra
  7893 | Lair:2   | Noticed Prince Ribbit
  8042 | Lair:2   | Killed Prince Ribbit
  8241 | Lair:2   | Reached skill level 10 in Dodging
  8259 | Lair:2   | Noticed Erica
  8269 | Lair:2   | Killed Erica
  8285 | Lair:2   | Noticed Harold
  8893 | Lair:2   | Got a scorched flail
  8908 | Lair:2   | Identified the +10 whip of Okawaru's Indignation {speed, Noisy +Rage Dex+6 Stlth+} (You found it on level 1 of the Lair of Beasts)
  8909 | Lair:2   | Identified the +6 flail of Honour {crush, Noisy rN+++ MR+ SInv} (You found it on level 2 of the Lair of Beasts)
  8981 | Lair:2   | Killed Harold
  8981 | Lair:2   | Gained mutation: You regenerate. [Vine Stalker growth]
  8981 | Lair:2   | Reached XP level 12. HP: 54/67 MP: 11/15
  9316 | Lair:3   | Noticed Edmund
  9424 | Lair:3   | Found a staircase to the Snake Pit.
  9505 | Lair:3   | Noticed Ijyb
  9514 | Lair:3   | Killed Edmund
  9522 | Lair:3   | Reached skill level 10 in Fighting
  9534 | Lair:3   | Killed Ijyb
  9715 | Lair:3   | Noticed Snorg
 10052 | Lair:4   | Reached skill level 5 in Evocations
 10127 | Lair:4   | Found a staircase to the Snake Pit.
 10430 | Lair:4   | Noticed Raurakos's ghost (powerful VSAs)
 10531 | Lair:4   | Acquired Dithmenos's third power
 10964 | Lair:4   | Reached skill level 1 in Invocations
 11230 | Lair:4   | Reached XP level 13. HP: 62/72 MP: 20/20
 11390 | Lair:4   | Killed Raurakos's ghost
 11528 | Lair:4   | Noticed Sonja
 12060 | Lair:5   | Reached skill level 1 in Translocations
 12464 | Lair:5   | Reached skill level 11 in Stealth
 12940 | Lair:1   | Learned a level 6 spell: Invisibility
 13020 | Lair:4   | Reached skill level 1 in Hexes
 13121 | Lair:5   | Found a staircase to the Shoals.
 13750 | Lair:6   | Found a staircase to the Slime Pits.
 13794 | Lair:6   | Reached skill level 12 in Stealth
 13841 | Lair:6   | Noticed Kirke
 13854 | Lair:6   | Killed Kirke
 13913 | Lair:6   | Got a translucent ring mail
 13924 | Lair:6   | Identified the cursed +0 ring mail of Lausupau {+Fly rF++ Int-2} (You found it on level 6 of the Lair of Beasts)
 14689 | Lair:7   | Reached skill level 13 in Stealth
 14695 | Lair:7   | Reached skill level 5 in Hexes
 14792 | Lair:7   | Reached XP level 14. HP: 62/77 MP: 21/21
 15425 | Lair:8   | Entered Level 8 of the Lair of Beasts
 15440 | Lair:8   | Acquired Dithmenos's fourth power
 15473 | Lair:8   | Found a labyrinth entrance.
 15487 | Lab      | Entered a labyrinth
 15590 | Lab      | Identified a +1 rod of destruction (9/9) (You found it in a labyrinth)
 16196 | Lair:8   | Learned a level 1 spell: Summon Butterflies
 16211 | Lair:8   | Reached skill level 14 in Stealth
 17174 | Lair:8   | Found a runed door.
 17389 | Lair:8   | Reached skill level 15 in Stealth
 18112 | D:9      | Found a staircase to the Orcish Mines.
 18589 | Orc:1    | Entered Level 1 of the Orcish Mines
 18653 | Orc:1    | Found a dark tunnel.
 18664 | Volcano  | Entered a volcano
 18807 | Orc:1    | Noticed Maurice
 18823 | Orc:1    | Killed Maurice
 18883 | Orc:1    | Found a flagged portal.
 18892 | Bailey   | Entered a bailey
 19079 | Bailey   | Got an encrusted cloak
 19090 | Bailey   | Identified the +1 cloak of the Shore {rPois rN+} (You found it in a bailey)
 20381 | Orc:2    | Noticed Maud
 20383 | Orc:2    | Killed Maud
 20638 | Orc:2    | Reached skill level 1 in Shields
 20925 | Orc:3    | Found an iron altar of Okawaru.
 21235 | Orc:3    | Found Tattel's Tempting Trifles.
 21571 | Orc:3    | Found a staircase to the Elven Halls.
 21851 | Orc:4    | Entered Level 4 of the Orcish Mines
 21995 | Orc:4    | Reached XP level 15. HP: 78/80 MP: 22/22
 22176 | Orc:4    | Noticed Saint Roka
 22469 | Orc:4    | Found Fuxtemno's Antique Weapon Emporium.
 22543 | Orc:4    | Found a roughly hewn altar of Beogh.
 22547 | Orc:4    | Found Qelece's Antique Weapon Shoppe.
 22588 | Orc:4    | Bought a dazzling rapier for 342 gold pieces
 22591 | Orc:4    | Identified the +6 rapier "Dutox" {pierce, rPois} (You bought it in a shop on level 4 of the Orcish Mines)
 22624 | Orc:4    | Found a roughly hewn altar of Beogh.
 22627 | Orc:4    | Found Loroon's Jewellery Shoppe.
 22946 | Orc:4    | Paralysed by an orc sorcerer for 7 turns
 23084 | Orc:4    | Found a roughly hewn altar of Beogh.
 23213 | D:10     | Entered Level 10 of the Dungeon
 23646 | D:10     | Reached skill level 10 in Armour
 23899 | D:11     | Found an ancient bone altar of Kikubaaqudgha.
 24301 | D:11     | Reached skill level 5 in Shields
 24925 | D:12     | Got a pitted scale mail
 25177 | D:12     | Identified the +1 scale mail of Okawaru's Esteem {+Fly Str+3 Dex+3} (You found it on level 12 of the Dungeon)
 25428 | D:12     | Found a shimmering altar of Xom.
 25678 | D:12     | Upgraded the game from 0.17-a0-512-gd6a67cc to 0.17-a0-530-gbe3d13a
 25703 | D:13     | Found a frozen archway.
 25707 | IceCv    | Entered an ice cave
 26391 | IceCv    | Noticed a frost giant
 26500 | IceCv    | Killed a frost giant
 26608 | D:13     | Found Pojamer's General Store.
 27192 | D:13     | Reached XP level 16. HP: 88/88 MP: 23/23
 28141 | D:14     | Found a gate to the Vaults.
 28916 | D:15     | Entered Level 15 of the Dungeon
 29241 | D:15     | Noticed Josephine
 29278 | D:15     | Killed Josephine
 29508 | D:15     | Found a staircase to the Depths.
 29509 | D:15     | Reached skill level 5 in Invocations
 29976 | Snake:1  | Entered Level 1 of the Snake Pit
 30699 | Snake:2  | Found Ahik's Food Shoppe.
 30818 | Snake:2  | Reached skill level 16 in Stealth
 30846 | Snake:2  | Reached XP level 17. HP: 88/93 MP: 24/24
 31502 | Snake:2  | Reached skill level 17 in Stealth
 32323 | Snake:3  | Reached skill level 18 in Stealth
 32475 | Snake:3  | Noticed Norris
 32924 | Snake:3  | Killed Norris
 32969 | Snake:3  | Learned a level 2 spell: Blink
 33065 | Snake:3  | Reached skill level 19 in Stealth
 33414 | Snake:3  | Got a polished chain mail
 33425 | Snake:3  | Identified the +8 chain mail of Tenacity {Str+4} (You found it on level 3 of the Snake Pit)
 34413 | Snake:4  | Reached skill level 20 in Stealth
 35359 | Snake:4  | Reached XP level 18. HP: 59/98 MP: 22/25
 35874 | Snake:5  | Entered Level 5 of the Snake Pit
 35874 | Snake:5  | Found Rathro's Armour Emporium.
 38642 | Snake:5  | Reached skill level 15 in Fighting
 39048 | Snake:5  | Reached skill level 10 in Short Blades
 39390 | Snake:5  | Reached XP level 19. HP: 83/108 MP: 26/26
 40241 | Snake:5  | Got a serpentine rune of Zot
 40719 | Shoals:1 | Entered Level 1 of the Shoals
 41783 | Shoals:2 | Got a jasper-encrusted leather armour
 41795 | Shoals:2 | Identified the cursed +1 leather armour "Diot Somm" {Str+4 Dex+6} (You found it on level 2 of the Shoals)
 41865 | Shoals:2 | Found Weracasm's Jewellery Boutique.
 42804 | Shoals:3 | Got a jacinth-encrusted scale mail
 42805 | Shoals:3 | Identified the +2 scale mail of a sewer {+Fly Int+4 Stlth-} (You found it on level 3 of the Shoals)
 43394 | Shoals:4 | Found Inahirph's Distillery.
 43608 | Shoals:4 | Noticed Mara
 43611 | Shoals:4 | Killed Mara
 43611 | Shoals:4 | Reached skill level 15 in Dodging
 43624 | Shoals:4 | Noticed Polyphemus
 43744 | Shoals:4 | Reached XP level 20. HP: 113/113 MP: 27/27
 43965 | Shoals:4 | Killed Polyphemus
 44083 | Shoals:5 | Entered Level 5 of the Shoals
 44195 | Shoals:5 | Reached skill level 5 in Translocations
 44207 | Shoals:5 | Got a steaming ivory amulet
 44208 | Shoals:5 | Identified the amulet "Ygymn" {Ward rC+ rN+ Str+4 Slay+5} (You found it on level 5 of the Shoals)
 44538 | Shoals:5 | Got an encrusted scale mail
 44539 | Shoals:5 | Identified the +0 scale mail "Roseung" {+Blink rC- rCorr Dex+3} (You found it on level 5 of the Shoals)
 44609 | Shoals:5 | Noticed Ilsuiw
 44627 | Shoals:5 | Reached skill level 5 in Throwing
 44637 | Shoals:5 | Reached skill level 1 in Spellcasting
 44668 | Shoals:5 | Killed Ilsuiw
 45151 | Shoals:5 | HP: 5/113 [merfolk javelineer/javelin (8)]
 45152 | Shoals:5 | Hit by a javelin thrown by a merfolk javelineer

Action                   |  1- 3 |  4- 6 |  7- 9 | 10-12 | 13-15 | 16-18 | 19-21 || total
-------------------------+-------+-------+-------+-------+-------+-------+-------++-------
Melee: Dagger            |    35 |   147 |   213 |   225 |  1593 |  1721 |  1215 ||  5149
       Short sword       |       |    70 |    58 |   660 |   756 |       |       ||  1544
       Rapier            |       |       |       |       |   695 |   972 |   177 ||  1844
 Fire: Hunting sling     |     2 |     4 |       |       |       |       |       ||     6
       Blowgun           |     1 |     8 |    67 |   120 |    22 |       |       ||   218
Throw: Stone             |     2 |     6 |       |     8 |     9 |       |       ||    25
       Tomahawk          |       |       |       |       |    16 |     2 |    29 ||    47
       Javelin           |       |       |       |       |       |       |     4 ||     4
       Throwing net      |       |       |       |       |       |       |     1 ||     1
 Cast: Blink             |       |       |       |       |       |     1 |       ||     1
       Apportation       |       |       |       |       |       |       |     2 ||     2
Invok: Shadow Step       |       |       |       |     6 |    13 |    17 |     4 ||    40
 Abil: Evoke Flight      |       |       |       |       |     9 |     1 |    39 ||    49
       Evoke Teleport Co |       |       |       |       |       |     2 |       ||     2
Evoke: Wand              |       |       |       |     9 |     3 |     4 |       ||    16
  Use: Scroll            |       |       |    13 |    13 |    14 |     7 |     9 ||    56
       Potion            |       |       |       |       |     4 |     1 |       ||     5
 Stab: Sleeping          |     2 |    10 |    20 |    44 |   183 |   110 |    51 ||   420
       Distracted        |       |       |     4 |     6 |     9 |    23 |    10 ||    52
       Confused          |       |       |       |     4 |     1 |       |       ||     5
       Paralysed         |       |       |       |     2 |       |       |       ||     2
       Fleeing           |       |       |       |       |     1 |       |     1 ||     2
       Petrified         |       |       |       |       |       |       |     4 ||     4
       Petrifying        |       |       |       |       |       |       |     1 ||     1
  Eat: Chunk             |       |     4 |     7 |    17 |    65 |    40 |    22 ||   155
       Meat ration       |       |       |     1 |       |       |       |       ||     1
       Pizza             |       |       |       |       |     1 |     2 |     1 ||     4
       Beef jerky        |       |       |       |       |     1 |       |     2 ||     3
